 Dungeon Crawl Stone Soup version 0.23-a0-808-gd21de94 (webtiles) character file.

44 tidbits the Cleaver (level 3, 19/28 HPs)
             Began as a Gnoll Wanderer on Jan 20, 2019.
             Quit the game on level 3 of the Dungeon.
             The game lasted 00:04:08 (498 turns).

tidbits the Cleaver (Gnoll Wanderer)                 Turns: 498, Time: 00:04:09

Health: 19/28      AC:  5    Str: 13    XL:     3   Next: 60%
Magic:  4/4        EV: 10    Int: 14    God:
Gold:   54         SH:  0    Dex: 16    Spells: 3/3 levels left

rFire    . . .     SeeInvis .   l - +0 spear (curse)
rCold    . . .     Gourm    .   (no shield)
rNeg     . . .     Faith    .   B - +0 ring mail
rPois    .         Spirit   .   (no helmet)
rElec    .         Reflect  .   (no cloak)
rCorr    .         Harm     .   (no gloves)
MR       .....                  (no boots)
Stlth    ++........             (no amulet)
HPRegen  0.09/turn              (no ring)
MPRegen  0.09/turn              (no ring)

@: no status effects
A: distributed training, fangs 1, strong nose
a: no special abilities


You were on level 3 of the Dungeon.
You were full.

You visited 1 branch of the dungeon, and saw 3 of its levels.

You collected 54 gold pieces.

Inventory:

Hand Weapons
 a - a +2 hand axe
 l - a cursed +0 spear (weapon)
Missiles
 b - 38 arrows
 h - 11 poisoned needles
 j - 23 sling bullets
Armour
 B - a +0 ring mail (worn)
Scrolls
 g - 2 scrolls of remove curse {unknown}
 i - a scroll of magic mapping
Potions
 d - 2 potions of curing
 e - a potion of might {unknown}
 f - 3 potions of flight {unknown}
 k - a potion of cancellation {unknown}
Comestibles
 c - 2 rations


   Skills:
 + Level 2.6 Fighting
 + Level 0.8 Short Blades
 + Level 0.8 Long Blades
 + Level 8.5 Axes
 + Level 0.8 Maces & Flails
 + Level 4.5 Polearms
 + Level 0.8 Staves
 + Level 0.8 Slings
 + Level 0.8 Bows
 + Level 0.8 Crossbows
 + Level 0.8 Throwing
 + Level 0.8 Armour
 + Level 0.8 Dodging
 + Level 2.4 Stealth
 + Level 2.6 Shields
 + Level 0.8 Unarmed Combat
 + Level 0.8 Spellcasting
 + Level 0.5 Conjurations
 + Level 0.5 Hexes
 + Level 0.5 Charms
 + Level 0.5 Summonings
 + Level 0.5 Necromancy
 + Level 0.5 Translocations
 + Level 0.5 Transmutations
 + Level 0.5 Fire Magic
 + Level 0.5 Ice Magic
 + Level 0.5 Air Magic
 + Level 0.5 Earth Magic
 + Level 0.5 Poison Magic
 + Level 1.0 Invocations
 + Level 2.6 Evocations


You had 3 spell levels left.
You didn't know any spells.
Your spell library was empty.

Dungeon Overview and Level Annotations

Branches:
Dungeon (3/15)

Altars:
Makhleb


Innate Abilities, Weirdness & Mutations

Your experience applies equally to all skills.
You have very sharp teeth.
Your uncanny sense of smell can sniff out nearby items.


Message History

You kill the worm!
An adder comes into view.
Unknown command.
Attack whom?
Press: ? - help, Dir - move target cursor, f - adder
Aim: an adder (resting)
You reach to attack!
The helpless adder fails to defend itself.
You hit the adder.
The adder is moderately wounded.
You closely miss the adder. You bite the adder.
The adder is heavily wounded.
The adder bites you but does no damage.
You hit the adder.
The adder is almost dead.
The adder bites you.
You hit the adder.
You kill the adder!
A dart slug comes into view.
Unknown command.
The dart slug misses you.
Your ring mail prevents you from hitting the dart slug.
You hit the dart slug but do no damage.
The dart slug bites you but does no damage.
You hit the dart slug.
The dart slug is moderately wounded.
The dart slug bites you.
* * * LOW HITPOINT WARNING * * *
You hit the dart slug.
The dart slug is moderately wounded.
You hit the dart slug but do no damage.
You bite the dart slug, but do no damage.
The dart slug is moderately wounded.
The dart slug bites you but does no damage.
You hit the dart slug.
The dart slug is almost dead.
The dart slug bites you.
* * * LOW HITPOINT WARNING * * *
You hit the dart slug.
You kill the dart slug!
Your Invocations skill increases to level 1!
Okay, then.
Unknown command.
Found a scroll labeled WEAF DISITUU.
You see here a scroll labeled WEAF DISITUU.
As you read the scroll labeled WEAF DISITUU, it crumbles to dust.
It is a scroll of identify.
i - a scroll of magic mapping
Okay, then.
Unknown command.
A frilled lizard comes into view.
The frilled lizard moves out of view.
Unknown command.
You open the door.
Found a stone staircase leading down.
There is an open door here.
Found 5 gold pieces.
You see here 5 gold pieces.
You now have 54 gold pieces (gained 5).
You hit the frilled lizard.
You kill the frilled lizard!
There is a stone staircase leading down here.
You climb downwards.
A goblin comes into view. It is wielding a +0 club.
The goblin shouts!
Found a scroll labeled BUDOGE SEEMIO and 7 arrows.
There is a stone staircase leading up here.
Unknown command.
You hit the goblin.
You kill the goblin!
You see here a +0 club.
You see here a scroll labeled BUDOGE SEEMIO.
g - 2 scrolls labeled BUDOGE SEEMIO (gained 1)
You see here 7 arrows.
b - 38 arrows (gained 7)
You open the door.
There is an open door here.
An orc comes into view. It is wielding a +0 whip.
The orc shouts!
Attack whom?
Press: ? - help, Dir - move target cursor, f - orc
Aim: an orc, wielding a +0 whip and wearing a +0 leather armour You reach to attack!
You completely miss the orc. You hit the orc. Your bite misses the orc.
The orc is almost dead.
The orc hits you with a +0 whip.
You closely miss the orc.
The orc is almost dead.
You hit the orc but do no damage.
The orc is almost dead.
The orc hits you with a +0 whip.
You hit the orc.
You kill the orc!
Unknown command.
Found a stone staircase leading down.
Unknown command.
The orc priest is too close now for your liking.
An orc comes into view. It is wielding a +0 flail.
Unknown command.
Are you sure you want to abandon this character and quit the game? (Confirm with "yes".)

###### #....#
######### #....#
#.....).# #....#
#.#####.# #....#
#.#...#.#
#....####.#.....#
#...........#.###
#.....###@#.#.#
#...o.....#.#.# #
#.)....####.#.#
#...####..oo....##.#.#
+......<.#'#######.#.#
#..######### #.#.#
##8## #.#.# 8...8##
#.# .....#### #.#


You could see an orc priest (wandering) and 2 orcs.

Vanquished Creatures
  2 adders (D:2)
  A worm (D:2)
  A dart slug (D:2)
  An orc (D:3)
  4 goblins
  A hobgoblin (D:2)
  4 kobolds
  3 bats
  2 frilled lizards (D:2)
  2 rats
21 creatures vanquished.

Notes
Turn   | Place    | Note
-------+----------+-------------------------------------------
     0 | D:1      | tidbits the Gnoll Wanderer began the quest for the Orb.
     0 | D:1      | tidbits set off with the following items: a +2 hand axe, a
                  | +0 ring mail, a potion of curing, a ration
     0 | D:1      | Reached XP level 1. HP: 17/17 MP: 2/2
   145 | D:3      | Found a burning altar of Makhleb.
   145 | D:3      | Noticed a hound
   145 | D:3      | Noticed an orc priest
   187 | D:2      | Reached XP level 2. HP: 23/23 MP: 3/3
   308 | D:2      | Reached XP level 3. HP: 15/28 MP: 4/4
   371 | D:2      | Reached skill level 1 in Invocations
   498 | D:3      | Quit the game

Vault maps used:
D:1:      lemuel_arrival_muddy
D:2:      first_ration, bh_walls_and_bars
D:3:      nicolae_overflow_hidden_temple, nicolae_overflow_crystal_walls,
          gammafunk_ghost_necromancy, minivault_26, makhleb_heckhound_becter,
          uniq_jessica

Skill      XL: |  1  2  3 |
---------------+----------+-----
Invocations    | 1 |  1.0
Fighting       | |  2.6
Short Blades   | |  0.8
Long Blades    | |  0.8
Axes           | |  8.5
Maces & Flails | |  0.8
Polearms       | |  4.5
Staves         | |  0.8
Slings         | |  0.8
Bows           | |  0.8
Crossbows      | |  0.8
Throwing       | |  0.8
Armour         | |  0.8
Dodging        | |  0.8
Stealth        | |  2.4
Shields        | |  2.6
Unarmed Combat | |  0.8
Spellcasting   | |  0.8
Conjurations   | |  0.5
Hexes          | |  0.5
Charms         | |  0.5
Summonings     | |  0.5
Necromancy     | |  0.5
Translocations | |  0.5
Transmutations | |  0.5
Fire Magic     | |  0.5
Ice Magic      | |  0.5
Air Magic      | |  0.5
Earth Magic    | |  0.5
Poison Magic   | |  0.5
Evocations     | |  2.6

Action                   || total
-------------------------++-------
Melee: Hand axe          ||    33
       Bite              ||     6
       Spear             ||    25
  Use: Scroll            ||     1
 Stab: Sleeping          ||     2
  Eat: Ration            ||     1
Armor: Ring mail         ||    11
Dodge: Dodged            ||    15

Table legend:
 A = Non-vault XP
 B = Vault XP
 C = Vault XP percentage of total XP
 D = Non-vault monster count
 E = Vault monster count
 F = Vault count percentage of total count
                 A         B        C        D         E       F
            +---------+---------+-------+---------+---------+-------
      Total |      63 |       0 |   0.0 |      21 |       0 |   0.0
            +---------+---------+-------+---------+---------+-------
        D:1 |      14 |       0 |   0.0 |       9 |       0 |   0.0
        D:2 |      44 |       0 |   0.0 |      10 |       0 |   0.0
        D:3 |       5 |       0 |   0.0 |       2 |       0 |   0.0
            +---------+---------+-------+---------+---------+-------

Table legend:
 A = Turns spent in this place as a percentage of turns spent in the entire game.
 B = Non-inter-level travel turns spent in this place as a percentage of non-inter-level travel turns spent in the entire game.
 C = Inter-level travel turns spent in this place as a percentage of turns spent in this place.
 D = Turns resting spent in this place as a percentage of non-inter-level travel turns spent in this place.
 E = Turns spent auto-exploring this place as a percentage of non-inter-level travel turns spent in this place.
 F = Non-inter-level travel turns spent in this place divided by the number of levels of this place that you've seen.
                   A       B       C       D       E      F
               +-------+-------+-------+-------+-------+----------------------
         Total | 100.0 | 100.0 |   9.4 |   0.0 |   0.0 | 150.3
       Dungeon | 100.0 | 100.0 |   9.4 |   0.0 |   0.0 | 150.3
               +-------+-------+-------+-------+-------+----------------------

Table legend:
 A = Kills in this place as a percentage of kills in entire the game.
 B = Kills by you in this place as a percentage of kills by you in the entire game.
 C = Kills by friends in this place as a percentage of kills by friends in the entire game.
 D = Other kills in this place as a percentage of other kills in the entire game.
 E = Experience gained in this place as a percentage of experience gained in the entire game.
 F = Experience gained in this place divided by the number of levels of this place that you have seen.
                   A       B       C       D       E      F
               +-------+-------+-------+-------+-------+----------------------
         Total | 100.0 | 100.0 |   N/A |   N/A | 100.0 |  21.0
       Dungeon | 100.0 | 100.0 |   N/A |   N/A | 100.0 |  21.0
               +-------+-------+-------+-------+-------+----------------------

Vault maps used:
D:1:      lemuel_arrival_muddy
D:2:      first_ration, bh_walls_and_bars
D:3:      nicolae_overflow_hidden_temple, nicolae_overflow_crystal_walls,
          gammafunk_ghost_necromancy, minivault_26, makhleb_heckhound_becter,
          uniq_jessica
